 Dungeon Crawl Stone Soup version 0.31-a0-836-g3ceb0a68c4 (webtiles) character file.

Game seed: 7482677949573932724

473 Kurtz the Chopper (level 7, -2/46 HPs)
             Began as an Octopode Fighter on Sept 27, 2023.
             Was an Initiate of Okawaru.
             Slain by an ogre
             ... wielding a +0 giant club
              (24 damage)
             ... on level 4 of the Dungeon.
             The game lasted 00:02:04 (3231 turns).

Kurtz the Chopper (Octopode Fighter)                Turns: 3231, Time: 00:02:05

Health: -2/46      AC:  1    Str: 20    XL:     7   Next: 10%
Magic:  7/7        EV: 13    Int:  6    God:    Okawaru [......]
Gold:   226        SH:  4    Dex: 11    Spells: 6/6 levels left

rFire   . . .        a - +0 war axe
rCold   + . .        b - +0 buckler
rNeg    . . .        (helmet restricted)
rPois   +            m - amulet of Waunax Sudae {Faith rPois rC+ rCorr Str+3 Int-5}
rElec   .            (no ring)
rCorr   +            (no ring)
SInv    .            (no ring)
Will    .....        (no ring)
Stlth   ++           (no ring)
HPRegen 0.27/turn    (no ring)
MPRegen 0.10/turn    (no ring)
                     (no ring)

%: faith
@: no status effects
A: almost no armour, amphibious, 8 rings, camouflage 1, gelatinous body 1,
(nimble swimmer 1), tentacles
a: Renounce Religion


You were on level 4 of the Dungeon.
You worshipped Okawaru.
Okawaru was noncommittal.
You visited 1 branch of the dungeon, and saw 4 of its levels.

You collected 226 gold pieces.

Inventory:

Hand Weapons
 a - a +0 war axe (weapon)
Missiles
 k - 6 poisoned darts
Armour
 b - a +0 buckler (worn)
Jewellery
 m - the amulet of Waunax Sudae (around mantle) {Faith rPois rC+ rCorr Str+3 Int-5}
   (You found it on level 4 of the Dungeon)

   [amulet of faith]

   Faith:     It allows you to gain divine favour quickly.
   Str+3:     It affects your strength (+3).
   Int-5:     It affects your intelligence (-5).
   rC+:       It protects you from cold.
   rPois:     It protects you from poison rCorr: It protects you from acid and
   corrosion.
Scrolls
 e - 3 scrolls of revelation {unknown}
 f - a scroll of brand weapon {unknown}
 g - 2 scrolls of teleportation {unknown}
 h - 2 scrolls of vulnerability {unknown}
 i - 6 scrolls of identify {unknown}
 j - 2 scrolls of enchant armour {unknown}
 l - a scroll of fog {unknown}
Potions
 c - 2 potions of might
 d - 2 potions of berserk rage {unknown}


   Skills:
 - Level 3.0 Fighting
 * Level 7.5 Axes
 - Level 3.0 Dodging
 - Level 3.0 Shields


You had 6 spell levels left.
You didn't know any spells.
Your spell library contained the following spells:

 Spells                   Type           Power      Damage    Failure   Level
 Shock                    Conj/Air       0%         1d3       52%         1
 Swiftness                Air            0%         N/A       88%         3
 Airstrike                Air            0%         2d(0-16)  99%         4
 Dimensional Bullseye     Hex/Tloc       0%         N/A       99%         4
 Iskenderun's Mystic Bla  Conj/Tloc      0%         2d3       99%         4
 Tukima's Dance           Hex            Unusable   N/A       N/A         3

Dungeon Overview and Level Annotations

Branches:
Dungeon (4/15)
 Temple: D:4-7

Altars:
Dithmenos
Nemelex Xobeh
Okawaru
Ru
Uskayaw
Xom


Innate Abilities, Weirdness & Mutations

You cannot wear most types of armour.
You are amphibious.
You can wear up to eight rings at the same time.
Your skin changes colour to match your surroundings (Stealth+).
Your rubbery body absorbs attacks. (AC +1, EV +1)
((You are camouflaged when in or above water. (Stealth+)))
You have tentacles for arms and can constrict up to eight enemies at once.


Message History

No target in view!
The gnoll shouts!
An ogre comes into view. It is wielding a +0 giant club.
Found 10 gold pieces.
An ogre is nearby!
An orc comes into view. It is wielding a +0 flail.
There are monsters nearby!
A hound and an orc come into view.
You hit the ogre but do no damage. The ogre closely misses you.
You slash the ogre!
The ogre is heavily wounded.
The ogre barely misses you.
You barely miss the ogre.
The ogre is heavily wounded.
The ogre barely misses you.
You hit the ogre.
The ogre is heavily wounded.
The ogre closely misses you.
Unknown command.
You barely miss the ogre. You tentacle-slap the ogre. You squeeze the ogre.
The ogre is heavily wounded.
Unknown command.
You slash the ogre!
The ogre is almost dead.
The ogre hits you with a +0 giant club!!
Ouch! That really hurt!
The orc shouts! x2
You are too injured to fight recklessly!
Unknown command.
You are too injured to fight recklessly!
You are too injured to fight recklessly!
Unknown command.
You are too injured to fight recklessly!
You hit the ogre but do no damage. You squeeze the ogre, but do no damage.
The ogre is almost dead.
You hear a shout!
An orc priest comes into view. It is wielding a +0 club.
The ogre hits you with a +0 giant club!!
Ouch! That really hurt!
You die...

#..###..####.#
#.#####.#
...##.....# #<#
.....†....# #.#
.....##.....
#.# _...## .##
#.# .....##.. #
#.. (........
.o# ###
...##..#.
#######.o...
#..###.#.#
#...@Oh.....
##..##...#
#.#####.$o..
##.....#.# #.#
... #.....##.#
#.# #
......##.# #.#
####.###.# #.#
####.###.####.#
..............#
~~~~~~~~≈~....#


You could see an ogre, a hound, an orc priest and 2 orcs.

Vanquished Creatures
  A black bear (D:4)
  An ogre (D:4)
  A jelly (D:4)
  An orc priest (D:4)
  Jessica (D:2)
  2 orc wizards (D:3)
  A gnoll (D:4)
  5 adders
  4 dart slugs
  7 orcs
  10 ball pythons
  3 endoplasms
  3 giant cockroaches
  16 goblins
  9 hobgoblins
  4 jackals (D:4)
  4 quokkas
  8 bats
  5 frilled lizards
  6 kobolds
  6 rats
98 creatures vanquished.

Notes
Turn   | Place    | Note
-------+----------+-------------------------------------------
     0 | D:1      | Kurtz the Octopode Fighter began the quest for the Orb.
     0 | D:1      | Reached XP level 1. HP: 16/16 MP: 1/1
   121 | D:1      | Reached XP level 2. HP: 21/21 MP: 2/2
   174 | D:1      | Reached skill level 3 in Axes
   566 | D:1      | Reached XP level 3. HP: 23/26 MP: 3/3
   857 | D:2      | Reached skill level 4 in Axes
  1032 | D:2      | Reached XP level 4. HP: 31/31 MP: 4/4
  1181 | D:2      | Noticed Jessica
  1207 | D:2      | Killed Jessica
  1810 | D:3      | Reached skill level 5 in Axes
  1810 | D:3      | Reached XP level 5. HP: 35/36 MP: 5/5
  2178 | D:3      | Found a sacrificial altar of Ru.
  2181 | D:3      | Found a sparkling altar of Nemelex Xobeh.
  2184 | D:3      | Found a shimmering altar of Xom.
  2206 | D:3      | Found an iron altar of Okawaru.
  2241 | D:3      | Became a worshipper of Warmaster Okawaru
  2277 | D:3      | Found a faded altar of an unknown god.
  2347 | D:3      | Found a hide-covered altar of Uskayaw.
  2789 | D:4      | Noticed a black bear
  2794 | D:4      | Killed a black bear
  2795 | D:4      | Reached skill level 6 in Axes
  2795 | D:4      | Reached XP level 6. HP: 42/42 MP: 6/6
  2816 | D:4      | Found a shadowy altar of Dithmenos.
  2856 | D:4      | Identified the amulet of Waunax Sudae {Faith rPois rC+
                  | rCorr Str+3 Int-5}
  2925 | D:4      | Reached skill level 7 in Axes
  2969 | D:4      | Reached * piety under Okawaru
  2992 | D:4      | Reached XP level 7. HP: 42/46 MP: 4/7
  3231 | D:4      | Slain by an ogre

Illustrated notes

Levels and vault maps discovered:
D:1:      pf_arrival_petrified_forest, layout_rooms, minmay_distorted
D:2:      layout_basic, uniq_jessica
D:3:      layout_loops_cross, grunt_temple_overflow_cloverleaf,
          mainiacjoe_overflow_six_doors_small,
          nicolae_ecumenical_snake_handling, nicolae_the_louvre
D:4:      lemuel_castle_with_subvaults [lemuel_castle_interior_carwin_3],
          layout_loops_ring, nicolae_dithmenos_shadow_blocks, minivault_19,
          minmay_goblin_outpost

Skill      XL: |  1  2  3  4  5  6 |
---------------+-------------------+-----
Axes           | 3 4 5 6 7 |  7.5
Fighting       | |  3.0
Dodging        | |  3.0
Shields        | |  3.0

Action                     |  1- 3 |  4- 6 |  7- 9 || total
---------------------------+-------+-------+-------++-------
  Melee: War axe           |    56 |    89 |    23 ||   168
         Constrict         |    16 |    26 |     4 ||    46
         Tentacles         |     7 |    17 |     5 ||    29
         Punch             |       |     1 |     1 ||     2
 Invoke: Heroism           |       |     1 |       ||     1
   Stab: Sleeping          |     9 |    10 |       ||    19
 Armour: Skin              |    18 |    39 |     7 ||    64
  Dodge: Dodged            |    40 |    52 |    10 ||   102
  Block: Buckler           |     9 |    16 |     2 ||    27

Table legend: (Time is in decaauts)
 A = Elapsed time spent in this place.
 B = Non-inter-level travel time spent in this place.
 C = Inter-level travel time spent in this place.
 D = Time resting spent in this place.
 E = Time spent auto-exploring this place.
 F = Levels seen in this place.
 G = Mean time per level.
                   A        B        C        D        E       F      G
               +--------+--------+--------+--------+--------+-----+--------+
         Total |   3277 |   3103 |    174 |    246 |   2295 |   4 |  819.2 |
       Dungeon |   3277 |   3103 |    174 |    246 |   2295 |   4 |  819.2 |
               +--------+--------+--------+--------+--------+-----+--------+

Top non-repeatable levels by time:
     D:2: 1018 daAuts
     D:3: 1003 daAuts
     D:1: 693 daAuts
     D:4: 562 daAuts
